 Dungeon Crawl Stone Soup version 0.22.1-2-g9c5b331 (webtiles) character file.

158 nightchill the Chopper (level 5, -1/48 HPs)
             Began as a Hill Orc Monk on Nov 23, 2018.
             Slain by an iguana (3 damage)
             ... on level 3 of the Dungeon.
             The game lasted 00:07:58 (3355 turns).

nightchill the Chopper (Hill Orc Monk)              Turns: 3355, Time: 00:07:59

Health: -1/48      AC:  6    Str: 15    XL:     5   Next: 40%
Magic:  5/5        EV: 10    Int: 10    God:
Gold:   91         SH:  0    Dex: 13    Spells: 4/4 levels left

rFire    . . .     SeeInvis .   a - +0 hand axe
rCold    . . .     Gourm    .   (no shield)
rNeg     . . .     Faith    .   e - +0 scale mail
rPois    .         Spirit   .   (no helmet)
rElec    .         Reflect  .   (no cloak)
rCorr    .         Harm     .   (no gloves)
MR       .....                  (no boots)
Stlth    ..........             (no amulet)
HPRegen  0.16/turn              (no ring)
MPRegen  0.09/turn              (no ring)

@: lethally poisoned (-1 -> -3)
A: no striking features
a: no special abilities


You were on level 3 of the Dungeon.
You were hungry.

You visited 1 branch of the dungeon, and saw 4 of its levels.

You collected 91 gold pieces.

Inventory:

Hand Weapons
 a - a +0 hand axe (weapon)
 n - a cursed -1 hand axe
Missiles
 d - 162 stones (quivered)
 l - 65 sling bullets
Armour
 b - a +0 robe
 e - a +0 scale mail (worn)
 r - a +0 ring mail
Jewellery
 f - a +6 ring of slaying {unknown}
 o - a +4 ring of strength {unknown}
 q - a cursed -3 ring of dexterity {unknown}
Scrolls
 g - a scroll of remove curse {unknown}
 h - 3 scrolls of teleportation {unknown}
 i - 4 scrolls of identify {unknown}
 j - a scroll of random uselessness {unknown}
 k - a scroll of immolation {unknown}
 s - a scroll of enchant weapon {unknown}
Potions
 m - a potion of cancellation {unknown}
 p - 2 potions of degeneration {unknown}
Comestibles
 c - 6 rations


   Skills:
 + Level 5.0 Fighting
 * Level 6.8 Axes
 - Level 2.4 Dodging
 - Level 1.5 Stealth


You had 4 spell levels left.
You didn't know any spells.
Your spell library was empty.

Dungeon Overview and Level Annotations

Branches:
Dungeon (4/15)
 Temple: D:4-7

Altars:
Dithmenos
Gozag
Yredelemnul
The Shining One


Message History

You feel sick. The iguana closely misses you.
You hit the iguana but do no damage.
The iguana is almost dead.
The iguana bites you.
* * * LOW HITPOINT WARNING * * *
You hit the iguana but do no damage.
The iguana is almost dead.
* * * LOW HITPOINT WARNING * * *
You feel sick.
You hit the iguana but do no damage.
The iguana is almost dead.
The iguana barely misses you.
You barely miss the iguana.
The iguana is almost dead.
The iguana bites you but does no damage.
You hit the iguana.
The iguana is almost dead.
* * * LOW HITPOINT WARNING * * *
You feel sick. The iguana bites you.
You die...

#....# #......######....####
#####....# #......# #........
....###..# #......# ###...###
....# ##.# #....÷.######
#...### ....# #.##
#...........###.....# ....#
#..# #......####.......#..
....# #..###......#
####..#.##. ....#
#...##...l..# #.....#. ....#
#.#..#...@..# #.##.... ....##
#†##...#.#### #.##.#.. .....#
#.####...##########......#
####.###.#
#.####..........#.#.. #
#...#.####.####.#######.##.###
# ###.............# ##..##.# #
#............## #..###.# #
#.####.####...### #.## #.## ##
#.##.....##.....###.# #..#


You could see an iguana.

Vanquished Creatures
  A scorpion (D:2)
  A worker ant (D:4)
  2 adders
  An ooze (D:1)
  3 worms (D:2)
  A dart slug (D:1)
  A leopard gecko (D:1)
  An orc (D:4)
  7 bats
  3 giant cockroaches
  4 goblins
  5 hobgoblins
  2 jackals (D:3)
  6 kobolds
  2 quokkas
  2 ball pythons
  4 frilled lizards
  6 rats
  A spectral orc (D:3)
53 creatures vanquished.

Notes
Turn   | Place    | Note
-------+----------+-------------------------------------------
     0 | D:1      | nightchill the Hill Orc Monk began the quest for the Orb.
     0 | D:1      | Reached XP level 1. HP: 19/19 MP: 1/1
   317 | D:1      | Reached XP level 2. HP: 21/27 MP: 2/2
   871 | D:1      | Reached skill level 5 in Axes
   871 | D:1      | Reached XP level 3. HP: 30/33 MP: 3/3
  1479 | D:2      | Found a shadowy altar of Dithmenos.
  2079 | D:2      | Noticed a scorpion
  2094 | D:2      | Killed a scorpion
  2094 | D:2      | Reached skill level 6 in Axes
  2094 | D:2      | Reached XP level 4. HP: 22/41 MP: 4/4
  2602 | D:3      | Found an opulent altar of Gozag.
  2615 | D:3      | Reached XP level 5. HP: 47/47 MP: 5/5
  2818 | D:3      | Found a basalt altar of Yredelemnul.
  3126 | D:3      | Found a glowing golden altar of the Shining One.
  3344 | D:4      | Reached skill level 5 in Fighting
  3352 | D:3      | HP: 2/48 [poisoned by a worker ant]
  3355 | D:3      | Slain by an iguana

Skill      XL: |  1  2  3  4  5 |
---------------+----------------+-----
Fighting       | 4 5 |  5.0
Axes           | 5 6 |  6.8
Dodging        | |  2.4
Stealth        | |  1.5

Action                   |  1- 3 |  4- 6 || total
-------------------------+-------+-------++-------
Melee: Hand axe          |   168 |    98 ||   266
  Use: Potion            |     4 |     1 ||     5
 Stab: Sleeping          |     1 |       ||     1
  Eat: Chunk             |     4 |     3 ||     7
Armor: Robe              |    24 |       ||    24
       Ring mail         |    28 |     2 ||    30
       Scale mail        |       |    30 ||    30
Dodge: Dodged            |   127 |    50 ||   177
